Map: Frozen Temple

Players

ADubs

  • Race: Zerg Zerg
  • League: Bronze
  • Spawn Location: 11:00

Fropez - Winner!

  • Race: Terran Terran
  • League: Silver
  • Spawn Location: 5:00

VOD

Have the link to the VOD?

Description

Time

  • Played on: June 10, 2016, 11:53 a.m.
  • Length: 39:13
Show
View Real Time Build Order
Export as new Build Order

ADubs Zerg 

Build Orders: Pool First, Lurkers 

Get SALT Encoding   

  12  0:07  Drone  
  13  0:21  Overlord  
  13  0:30  Drone  
  14  0:43  Spawning Pool  
  13  0:54  Drone x2  
  13  0:55  Drone  
  16  1:16  Drone  
  18  1:25  Drone  
  18  1:40  Hatchery  
  18  1:44  Extractor  
  16  1:48  Extractor, Drone x2  
  16  1:54  Drone  
  18  2:14  Overlord  
  18  2:20  Queen  
  20  2:24  Overlord  
  20  2:34  Zergling x4  
  22  2:44  Metabolic Boost  
  22  3:04  Hatchery  
  21  3:10  Drone  
  21  3:11  Drone x2  
  24  3:20  Lair  
  24  3:30  Extractor  
  24  3:32  Extractor  
  22  3:40  Pneumatized Carapace  
  22  3:44  Zergling x4  
  22  3:45  Zergling x2  
  25  3:55  Zergling x6  
  28  4:18  Drone x4  
  28  4:22  Drone  
  28  4:23  Queen  
  35  4:27  Drone x2  
  37  5:15  Drone x2  
  37  5:18  Drone  
  40  5:36  Drone x3  
  43  5:46  Hydralisk Den  
  43  5:48  Spire  
  41  5:51  Evolution Chamber  
  41  5:55  Baneling Nest  
  41  5:57  Zergling x2  
  40  6:18  Drone x3  
  40  6:22  Lurker Den  
  43  6:26  Zerg Melee Weapons Level 1  
  43  6:29  Hydralisk  
  43  6:30  Hydralisk x2  
  49  6:34  Overlord x2  
  49  6:35  Overlord  
  49  6:45  Baneling x5  
  49  6:46  Baneling x3  
  49  6:48  Baneling  
  49  6:49  Baneling  
  49  6:50  Baneling  
  49  6:52  Baneling  
  49  6:53  Baneling  
  49  6:55  Baneling x2  
  49  6:57  Baneling  
  49  6:59  Baneling  
  49  7:00  Baneling  
  49  7:16  Drone x4  
  49  7:17  Drone x2  
  55  7:23  Hydralisk  
  57  7:32  Infestation Pit  
  56  7:45  Overseer  
  56  8:23  Drone x5  
  61  8:31  Evolution Chamber  
  61  8:32  Evolution Chamber  
  61  8:33  Zerg Missile Weapons Level 1  
  59  8:36  Hive  
  59  8:38  Hydralisk x4  
  59  8:39  Hydralisk x2  
  71  8:42  Hydralisk  
  73  8:49  Overlord x2  
  73  8:58  Overseer  
  73  9:00  Overseer  
  73  9:03  Overseer  
  73  9:49  Hatchery  
  73  9:50  Extractor x2, Zergling x14  
  73  9:51  Zergling x12  
  73  9:52  Zergling x2  
  84  9:54  Hydralisk  
  84  9:55  Hydralisk x2  
  90  10:00  Overlord  
  90  10:06  Centrifical Hooks  
  90  10:18  Greater Spire  
  90  10:24  Baneling x6  
  90  10:25  Baneling x5  
  90  10:26  Baneling x3  
  90  10:28  Baneling  
  90  10:29  Baneling  
  90  10:30  Baneling  
  90  10:31  Baneling  
  90  10:32  Baneling  
  90  10:33  Baneling  
  90  10:36  Baneling x2  
  90  10:37  Baneling  
  90  10:38  Baneling  
  90  10:39  Baneling  
  90  10:41  Baneling  
  90  10:42  Baneling x2  
  90  11:00  Overlord x2  
  90  11:01  Overlord  
  90  11:05  Lurker x3  
  90  11:06  Lurker  
  90  11:07  Lurker  
  90  11:09  Lurker  
  90  11:11  Lurker  
  97  11:14  Lurker  
  97  11:16  Lurker  
  90  13:21  Corruptor x3  
  90  13:26  Corruptor x5  
  106  13:37  Zerg Ground Armor Level 1  
  106  13:38  Zerg Missile Weapons Level 2  
  106  13:39  Zerg Melee Weapons Level 2  
  106  13:43  Corruptor x2  
  106  13:44  Corruptor x4  
  118  13:50  Overlord x2  
  118  14:17  Corruptor x4  
  118  14:21  Corruptor  
  128  14:50  Zergling x12  
  128  14:51  Zergling x4  
  136  14:57  Lurker x4  
  136  14:59  Lurker  
  141  15:10  Zerg Flyer Weapons Level 1  
  140  15:36  Extractor  
  139  16:15  Baneling x2  
  139  16:16  Baneling x7  
  139  16:17  Baneling x6  
  139  16:18  Baneling  
  139  16:34  Overlord x3  
  139  16:57  Zerg Melee Weapons Level 3  
  139  16:58  Zerg Missile Weapons Level 3  
  139  16:59  Zerg Ground Armor Level 2  
  139  17:04  Overlord x3  
  139  17:08  Overlord  
  139  17:13  Corruptor x2  
  139  17:14  Corruptor  
  145  17:19  Corruptor  
  147  18:19  Corruptor  
  147  18:20  Corruptor x2  
  153  18:43  Zerg Flyer Armor Level 1  
  153  18:46  Zergling x8  
  153  18:47  Zergling x14  
  153  18:48  Zergling x2  
  165  19:10  Baneling x5  
  165  19:11  Baneling  
  165  19:13  Baneling  
  125  19:54  Brood Lord  
  127  20:28  Extractor  
  125  20:31  Extractor  
  124  20:48  Hatchery  
  121  21:03  Overseer  
  121  21:07  Baneling x4  
  121  21:08  Baneling x3  
  121  21:52  Zergling x14  
  121  21:53  Zergling x4  
  130  21:56  Zergling x4  
  130  21:57  Zergling x16  
  130  21:58  Zergling x2  
  141  22:18  Brood Lord x4  
  149  24:00  Corruptor  
  149  24:01  Corruptor x6  
  149  24:02  Corruptor  
  165  24:06  Hydralisk x2  
  165  24:07  Hydralisk x2  
  173  24:18  Hydralisk  
  173  24:20  Hydralisk  
  177  24:26  Hydralisk x4  
  177  24:29  Zergling x8  
  189  25:03  Baneling x4  
  189  25:04  Baneling x6  
  189  25:05  Baneling x7  
  189  25:06  Baneling  
  146  25:40  Brood Lord x2  
  150  25:47  Brood Lord  
  152  26:17  Zergling x8  
  152  26:18  Zergling x8  
  160  26:23  Hydralisk x2  
  160  26:25  Zergling x8  
  167  26:26  Zergling x4  
  167  26:30  Lurker x3  
  173  26:34  Lurker  
  167  27:12  Hydralisk x2  
  167  27:13  Hydralisk x3  
  177  27:17  Lurker x2  
  177  27:21  Baneling x2  
  177  27:22  Baneling  
  179  28:10  Lurker x2  
  165  28:41  Zergling x6  
  165  28:42  Zergling x6  
  171  28:57  Hydralisk x3  
  177  29:12  Hydralisk  
  180  29:24  Lurker x2  
  181  29:32  Lurker  
  163  30:29  Lurker x2  
  163  30:30  Lurker  
  166  31:14  Zergling x10  
  166  31:15  Zergling x10  
  176  31:19  Zergling x12  
  176  31:20  Zergling x10  
  176  31:21  Zergling x8  
  191  31:43  Lurker  
  192  32:03  Hydralisk x3  
  195  33:31  Corruptor x2  
  180  34:15  Baneling x2  
  180  34:16  Baneling x8  
  180  34:17  Baneling x7  
  58  37:30  Spawning Pool  
  57  38:21  Spore Crawler  
  57  38:22  Spore Crawler  
  57  38:25  Spine Crawler  
  57  38:26  Spine Crawler  
  53  38:27  Spine Crawler  
  53  38:30  Spine Crawler  
  53  38:31  Spine Crawler x2  
  53  38:33  Spore Crawler  
  48  38:34  Spore Crawler  
  48  38:35  Spore Crawler  
  48  38:37  Spore Crawler  
  48  38:38  Spore Crawler  
  48  38:40  Spine Crawler x2  
  42  38:41  Spine Crawler  
  42  38:42  Spore Crawler  
  42  38:44  Spine Crawler  
Show
View Real Time Build Order
Export as new Build Order

Fropez Terran - Winner!

Build Orders:  

Get SALT Encoding   

  12  0:02  SCV  
  13  0:17  Supply Depot  
  13  0:22  Refinery  
  13  0:24  SCV  
  14  0:40  Barracks  
  14  0:44  SCV  
  15  0:59  Supply Depot  
  15  1:05  SCV  
  16  1:19  SCV  
  17  1:31  Orbital Command  
  17  1:38  Bunker  
  17  1:49  Barracks Reactor  
  17  1:53  Barracks  
  17  2:02  Refinery  
  17  2:05  SCV  
  18  2:17  SCV  
  19  2:25  Marine  
  19  2:27  Marine  
  19  2:29  SCV  
  22  2:41  SCV, Supply Depot  
  24  2:47  Barracks Reactor  
  24  2:48  Marine  
  24  2:49  Marine  
  25  2:54  SCV  
  26  3:04  Supply Depot  
  26  3:06  SCV  
  27  3:20  Reaper x2  
  27  3:23  Marine  
  27  3:24  Marine  
  31  3:28  Supply Depot  
  31  3:35  Command Center  
  31  3:37  SCV  
  31  3:41  Marine  
  32  3:42  Marine  
  34  3:49  SCV  
  35  4:13  Factory  
  35  4:14  Marine x2  
  35  4:15  Marine x2  
  39  4:19  SCV  
  40  4:31  SCV  
  40  4:35  Marine x2  
  40  4:37  Marine x2  
  45  4:43  Engineering Bay  
  45  4:46  Supply Depot  
  45  4:47  SCV  
  46  4:56  Marine  
  46  4:57  Marine x2  
  46  4:58  Marine  
  50  5:06  Widow Mine  
  50  5:42  Planetary Fortress  
  50  5:49  Widow Mine  
  52  6:05  Starport  
  52  6:17  Widow Mine  
  54  6:25  Terran Infantry Weapons Level 1  
  54  6:45  Barracks  
  54  6:46  Widow Mine, Bunker  
  56  7:07  SCV  
  57  7:16  Marine  
  57  7:17  Marine x3, Bunker  
  57  7:19  SCV  
  57  7:20  Factory Tech Lab  
  64  7:25  Starport Reactor  
  62  7:40  Sensor Tower  
  62  7:44  SCV  
  62  7:45  SCV  
  62  7:46  Supply Depot  
  64  7:55  Widow Mine  
  66  8:01  Supply Depot  
  64  8:19  Terran Infantry Armor Level 1, Medivac x2  
  68  8:21  Marine x2  
  68  8:22  Marine x2  
  68  8:23  Widow Mine  
  68  8:25  Barracks Reactor  
  74  8:28  Refinery  
  74  8:39  Marine x3  
  74  8:40  Marine  
  78  8:51  Refinery  
  78  8:52  Widow Mine  
  78  8:54  Factory  
  80  9:20  Widow Mine  
  82  9:49  Widow Mine, Armory  
  84  10:02  Command Center  
  84  10:18  Siege Tank  
  87  10:37  SCV  
  87  10:38  Supply Depot  
  87  10:42  Factory Tech Lab  
  88  10:49  SCV  
  89  10:51  Medivac x2  
  89  10:57  Supply Depot  
  93  10:59  Thor  
  93  11:03  Supply Depot  
  99  11:17  Command Center  
  99  11:20  Supply Depot  
  99  11:27  Supply Depot  
  99  11:46  Thor  
  99  11:47  Thor  
  109  11:54  Terran Vehicle Weapons Level 1  
  109  11:57  Terran Infantry Weapons Level 2  
  109  12:06  Barracks Tech Lab  
  105  12:17  SCV x2  
  103  12:36  Marine x4  
  103  12:37  Marine  
  107  12:42  Planetary Fortress  
  108  12:54  Marine x5  
  113  13:01  Thor x2  
  123  13:11  Planetary Fortress  
  123  13:12  Marine x5  
  127  13:13  Refinery  
  127  13:18  SCV x2  
  130  13:29  Marine  
  130  13:30  Marine x2, SCV  
  134  13:34  Marine x2  
  134  13:36  Refinery  
  136  13:43  Thor  
  136  13:44  Thor  
  136  13:47  Marine x2  
  136  13:48  Marine, Stimpack, Terran Vehicle And Ship Armor Level 1  
  151  13:52  Marine x2  
  153  13:58  Supply Depot  
  153  14:03  Sensor Tower  
  153  14:05  Marine x3, Refinery  
  153  14:08  SCV  
  153  14:09  SCV  
  159  14:10  Marine, SCV  
  159  14:11  SCV  
  161  14:21  Supply Depot  
  161  14:26  Terran Infantry Weapons Level 3  
  161  14:30  SCV, Refinery  
  162  14:44  Supply Depot  
  162  14:49  Thor  
  168  14:59  Missile Turret  
  168  15:00  SCV  
  168  15:01  SCV x2  
  168  15:06  Supply Depot  
  142  15:26  Starport Tech Lab  
  137  15:39  SCV  
  137  15:40  SCV x3, Command Center  
  137  15:42  Terran Vehicle Weapons Level 2  
  141  15:48  Combat Shields  
  141  15:50  Raven  
  143  16:04  Missile Turret  
  143  16:15  SCV x3  
  143  16:16  SCV  
  147  16:25  Marine x3  
  147  16:26  Marine  
  147  16:27  Marine  
  147  16:29  Missile Turret  
  150  16:33  Raven  
  152  16:43  Marine x3  
  152  16:44  Marine, Corvid Reactor  
  152  16:45  Marine  
  157  16:55  Missile Turret  
  157  17:00  Marine  
  157  17:01  Marine x2  
  159  17:02  Marine, Terran Infantry Armor Level 2  
  159  17:03  Marine  
  159  17:07  Concussive Shells  
  162  17:16  Raven  
  162  17:18  Marine x2  
  162  17:20  Missile Turret  
  166  17:25  Hellbat x2  
  170  17:45  Infernal Pre-Igniter  
  170  17:47  Hellbat  
  174  17:52  Missile Turret  
  174  17:57  Factory Reactor  
  174  17:58  Terran Vehicle And Ship Armor Level 2  
  172  17:59  Raven  
  174  18:05  Orbital Command  
  174  18:08  Hellbat  
  176  18:27  Refinery  
  176  18:28  Barracks  
  176  18:30  Hellbat  
  178  18:34  Marauder  
  178  18:37  Missile Turret  
  180  18:46  Barracks Tech Lab  
  180  18:47  Barracks Tech Lab  
  180  18:51  Refinery  
  180  18:56  Marauder  
  182  19:16  Barracks  
  172  19:17  Marauder  
  115  19:39  Marauder  
  115  19:44  Marine  
  115  19:45  Marine  
  109  19:58  Barracks Reactor, Liberator  
  109  20:00  Marauder  
  109  20:02  Marine x2  
  109  20:04  Barracks  
  113  20:12  Hellbat x3  
  119  20:20  Marine  
  119  20:21  Marine  
  124  20:33  Hellbat  
  124  20:34  Hellion, Hellbat  
  130  20:35  Barracks Reactor  
  130  20:36  Marine x2  
  130  20:38  Marine  
  130  20:39  Barracks Reactor  
  130  20:41  Liberator  
  132  20:54  Marine x2, Barracks  
  137  21:12  Marine x2  
  139  21:21  Command Center  
  139  21:23  Liberator  
  139  21:24  Barracks Reactor  
  139  21:26  Marine x2  
  139  21:29  Marine  
  139  21:30  Marine  
  139  21:31  Marine x4  
  143  21:42  Barracks  
  143  21:44  Marine x2  
  148  21:47  Marine x2  
  148  21:48  Marine  
  148  21:49  Marine x3  
  154  22:01  Terran Infantry Armor Level 3  
  154  22:03  Terran Vehicle And Ship Armor Level 3  
  154  22:06  Marine  
  155  22:18  Marine x2  
  155  22:19  Marine x4, Barracks Reactor  
  161  22:27  Medivac  
  163  22:30  Barracks  
  163  22:34  Supply Depot  
  163  22:36  Marine x3  
  165  22:37  Marine x3  
  165  22:43  Starport  
  169  22:52  Barracks Reactor  
  169  22:53  Marine  
  169  22:54  Marine x2  
  169  22:55  Marine x3  
  169  22:56  Supply Depot  
  169  22:57  Medivac  
  169  22:58  Orbital Command  
  177  23:09  Command Center  
  177  23:10  SCV x3  
  177  23:11  Marine  
  181  23:13  SCV  
  181  23:19  Supply Depot  
  182  23:20  Starport  
  182  23:27  Medivac  
  184  23:36  Orbital Command  
  184  23:42  Supply Depot  
  184  23:46  Marine x4  
  184  23:47  Marine  
  189  23:51  Starport Reactor  
  189  23:57  Medivac  
  191  24:06  Refinery, Starport Tech Lab  
  191  24:09  Supply Depot  
  191  24:22  Command Center  
  191  24:27  Medivac  
  191  24:29  Refinery  
  193  24:40  Terran Vehicle Weapons Level 3  
  193  24:42  Raven  
  193  24:44  Medivac x2  
  158  25:25  Raven  
  137  25:28  Marine x2  
  137  25:29  Marine x6  
  137  25:30  Marine x3  
  137  25:33  Marine  
  137  25:34  Marine x3  
  142  25:36  Raven  
  142  25:41  Hellbat x3  
  148  25:46  Marine x3  
  148  25:47  Marine x6  
  148  25:48  Marine  
  158  25:51  Marine x2  
  158  25:52  Marine x2  
  158  25:54  Barracks Reactor  
  162  26:02  Hellbat x2  
  166  26:04  Marine x4  
  166  26:05  Marine x5  
  166  26:06  Marine  
  166  26:07  Neosteel Frame  
  166  26:09  Marine x4  
  180  26:18  Raven  
  180  26:21  Orbital Command, Command Center  
  180  26:22  Marine x4, Orbital Command  
  186  26:44  Marine x4  
  186  26:45  Marine x2  
  186  26:46  Marine x3  
  179  27:17  Terran Ship Weapons Level 1  
  179  27:26  Hi-Sec Auto Tracking  
  179  27:36  Medivac  
  179  27:37  Medivac  
  183  27:43  Marine x3  
  183  27:44  Marine x6  
  187  27:45  Marine x3  
  181  28:06  Medivac  
  181  28:07  Medivac  
  176  28:23  Marine x6, Building Armor  
  176  28:24  Marine x5  
  176  28:25  Marine  
  188  28:36  Medivac  
  188  28:37  Medivac  
  192  29:00  Marine x3  
  192  29:01  Marine x2  
  197  29:06  Medivac  
  199  29:20  Orbital Command  
  199  29:23  Orbital Command  
  140  29:55  Marine x3  
  140  29:56  Marine x6  
  140  29:57  Marine x3  
  144  30:13  Marine x4  
  144  30:14  Marine x2  
  143  30:17  Marine  
  143  30:18  Marine x5  
  151  30:31  Marine x3  
  154  30:47  Viking x2  
  148  30:50  Starport Reactor  
  148  30:54  Starport  
  148  31:06  Terran Ship Weapons Level 2  
  148  31:17  Viking x2  
  152  31:18  Ghost Academy  
  152  31:19  Marine x5  
  152  31:20  Marine x5  
  152  31:21  Marine  
  163  31:32  Starport  
  163  31:36  Refinery  
  163  31:47  Starport Reactor, Viking x2  
  163  31:50  Viking x2  
  171  32:00  Refinery  
  171  32:12  Starport Reactor  
  171  32:17  Viking x2  
  171  32:20  Viking x2  
  171  32:47  Viking x2  
  162  33:04  Refinery  
  162  33:27  Refinery  
  162  33:38  Marine x2, Command Center  
  162  33:39  Marine x6  
  162  33:40  Marine x4  
  174  33:56  Marine x3  
  174  33:57  Marine x6  
  174  33:58  Marine x3  
  176  34:14  Marine x5  
  176  34:15  Marine x5  
  176  34:16  Marine x2  
  186  34:32  Marine x2  
  108  36:10  Viking  
  108  36:11  Viking x5  
  88  36:12  Viking x2  
  88  36:14  Marine x5  
  88  36:15  Marine x5  
  88  36:16  Marine x2  
  107  36:22  Orbital Command  
  105  36:32  Marine x5  
  108  36:33  Marine x6  
  108  36:34  Marine  
  108  36:35  Marine x4  
  121  36:40  Viking x2  
  121  36:41  Viking x3  
  121  36:44  Viking x3  
  137  36:49  Marine  
  137  36:50  Marine x6  
  137  36:51  Marine x5  
  137  36:52  Marine  
  137  36:53  Marine x3  
  150  37:07  Marine x2  
  150  37:08  Marine x6  
  150  37:09  Marine x4  
  150  37:10  Marine x2, Viking x2  
  150  37:11  Marine x2, Viking x3  
  171  37:23  Viking x2  
  171  37:24  Viking  
  171  37:25  Marine x3  
  171  37:26  Marine x6  
  186  37:30  Orbital Command  
  186  37:40  Viking x2  
  186  37:41  Viking  
  186  37:42  Marine x3  
  186  37:43  Marine x4  
  186  37:44  Marine  
Tags
 
Composition
Lurkers
Matchup
TvZ
Opening
Pool First
Replay Pack
All Mines
Spawn Locations
Cross Positions
Add a new tag
Caveats
  • Supply blocks, unpowered buildings, or Contaminate may cause inaccurate times.
  • Supply counts are checked every 10 seconds.